Map: Terrenos sagrados

Players

MrFercho

  • Race: Terran Terran
  • Spawn Location: 6:00

tigro

  • Race: Terran Terran
  • Spawn Location: 6:00

IA (Media)

  • Race: Zerg Zerg
  • Spawn Location: 12:00

IA (Media)

  • Race: Protoss Protoss
  • Spawn Location: 12:00

VOD

Have the link to the VOD?

Description

Time

  • Played on: June 26, 2019, 11:31 p.m.
  • Length: 29:46
Show
View Real Time Build Order
Export as new Build Order

MrFercho Terran 

Build Orders:  

Get SALT Encoding   

  12  0:03  SCV  
  13  0:24  Supply Depot  
  13  0:31  SCV  
  14  0:43  SCV  
  14  0:47  Supply Depot  
  15  0:52  Refinery  
  15  0:55  SCV  
  16  1:07  SCV  
  17  1:18  Refinery  
  17  1:20  Barracks  
  17  1:22  Barracks  
  17  1:27  SCV  
  18  1:47  SCV  
  19  1:59  SCV  
  20  2:11  Barracks Tech Lab x2  
  20  2:12  SCV  
  21  2:22  Engineering Bay  
  21  2:24  SCV  
  22  2:35  Marauder  
  22  2:36  Marine, SCV  
  26  2:49  Engineering Bay  
  26  2:51  SCV  
  26  2:52  Supply Depot  
  26  2:54  Marine  
  28  3:03  SCV  
  29  3:24  Terran Infantry Weapons Level 1  
  29  3:25  Terran Infantry Armor Level 1  
  29  3:29  Marine x2  
  31  3:40  Factory  
  31  3:46  Factory  
  31  3:48  Marauder  
  33  4:08  Command Center  
  33  4:29  SCV  
  34  4:32  Factory Tech Lab  
  34  4:33  Factory Tech Lab  
  34  4:41  SCV  
  35  4:50  Armory  
  35  4:54  SCV  
  36  5:06  SCV  
  37  5:18  SCV  
  37  5:19  Siege Tank x2  
  44  5:28  Supply Depot  
  44  5:29  Supply Depot x2  
  44  5:30  SCV  
  45  5:38  Armory, Refinery  
  46  5:42  SCV  
  46  6:22  SCV  
  46  6:25  Orbital Command  
  47  6:34  Terran Ship Weapons Level 1, SCV  
  47  6:35  Terran Vehicle And Ship Armor Level 1  
  48  6:41  Starport  
  48  6:44  Starport  
  36  7:54  SCV  
  37  8:02  Thor  
  37  8:03  Thor  
  49  8:06  SCV  
  50  8:14  Marine x2  
  50  8:15  Command Center  
  50  8:18  SCV  
  53  8:26  Refinery  
  53  8:27  Terran Infantry Armor Level 2  
  53  8:31  SCV  
  53  8:32  Marine x2  
  56  8:43  SCV  
  56  8:46  Cyclone x2  
  63  9:35  SCV  
  64  9:48  SCV  
  65  10:00  SCV  
  66  10:12  SCV  
  67  10:22  Starport  
  67  10:24  SCV  
  67  10:25  Starport  
  68  10:30  SCV  
  64  10:42  SCV  
  52  10:54  SCV  
  53  11:00  Starport  
  53  11:06  SCV  
  54  11:18  SCV  
  49  12:29  Siege Tank x2  
  55  12:34  Marauder x2  
  59  12:39  Starport Tech Lab x2  
  59  12:40  Starport Tech Lab  
  59  12:55  Marine x2  
  61  13:01  Thor x2  
  73  13:13  Marine x2  
  69  13:29  Fusion Core  
  69  13:31  Marauder  
  72  13:36  Orbital Command  
  71  13:44  Thor  
  51  14:34  Siege Tank x2  
  51  14:38  Marauder x2  
  61  14:50  Battlecruiser  
  61  14:51  Banshee  
  61  14:52  Viking  
  70  14:59  Marauder x2  
  74  15:06  Siege Tank  
  77  15:30  Marauder x2, Cyclone  
  84  15:36  Supply Depot  
  84  15:38  Supply Depot, Cyclone  
  84  15:39  Supply Depot  
  87  15:51  Marine, Refinery  
  87  15:52  Marauder, Command Center  
  87  15:53  Refinery  
  90  16:01  Supply Depot  
  90  16:13  Terran Infantry Weapons Level 2  
  90  16:14  Terran Infantry Armor Level 3  
  90  16:17  Terran Vehicle And Ship Armor Level 2, Terran Vehicle Weapons Level 1  
  90  16:23  Siege Tank x2  
  96  16:28  Marauder x2  
  82  16:49  Marine x2  
  73  16:56  Hellion x2  
  68  17:16  Thor  
  68  17:17  Thor  
  68  17:22  SCV  
  81  17:27  SCV  
  82  17:34  SCV  
  83  17:39  SCV  
  84  17:46  SCV  
  84  17:51  SCV  
  86  17:58  SCV  
  86  18:00  Battlecruiser, Cyclone  
  86  18:02  Viking  
  86  18:03  Viking, SCV  
  101  18:10  SCV  
  102  18:15  SCV  
  100  18:30  Refinery  
  100  18:32  Banshee  
  89  18:55  Terran Infantry Weapons Level 3, Neosteel Armor  
  89  18:56  Refinery  
  89  19:15  Orbital Command  
  89  19:17  Command Center  
  89  19:22  SCV x2  
  91  19:32  Supply Depot  
  91  19:34  SCV x2  
  91  19:35  Supply Depot  
  93  19:46  SCV x2  
  95  19:56  Supply Depot  
  95  19:58  Supply Depot, SCV x2  
  97  20:10  SCV  
  97  20:11  SCV  
  99  20:34  Marauder x2  
  103  20:35  Hi-Sec Auto Tracking  
  103  20:37  Thor x2  
  115  20:44  Banshee x3  
  124  20:55  Marine x2  
  126  21:20  Siege Tank x2  
  121  21:52  Cyclone x2  
  73  22:48  Marauder  
  68  23:27  Battlecruiser x2  
  68  23:28  Banshee  
  76  24:02  Barracks  
  76  24:03  Barracks  
  76  24:06  Barracks  
  76  24:11  Banshee  
  79  24:21  Engineering Bay  
  79  24:28  Terran Vehicle Weapons Level 2  
  79  24:29  Terran Vehicle And Ship Armor Level 3  
  79  24:31  Viking, Banshee  
  84  24:54  Viking  
  84  24:57  Factory  
  84  24:59  Factory  
  86  25:01  Viking, Factory  
  88  25:14  Banshee  
  91  25:23  Banshee  
  94  25:31  Banshee  
  85  26:08  Barracks Tech Lab x3  
  85  26:10  Factory Tech Lab x3  
  85  26:11  Factory Tech Lab  
  85  26:50  Orbital Command  
  85  27:01  Marine  
  86  27:11  Marauder x2  
  90  27:16  Supply Depot  
  90  27:17  Supply Depot  
  90  27:18  Supply Depot x2  
  90  27:39  Missile Turret  
  90  27:40  Missile Turret  
  90  27:44  Missile Turret  
  90  27:45  Missile Turret  
  90  27:46  Missile Turret  
  90  27:48  Missile Turret  
  90  27:49  Missile Turret  
  89  27:57  Missile Turret  
  89  28:01  Missile Turret  
  89  28:02  Cyclone x3  
  89  28:04  Missile Turret  
  94  28:18  Viking x2  
  94  28:19  Viking  
  91  28:31  Marine x3  
  91  28:34  Cyclone x2  
  92  28:48  Viking x2  
  92  28:49  Marine x3  
  93  29:07  Marine x3  
  96  29:25  Marine x3  
Show
View Real Time Build Order
Export as new Build Order

tigro Terran 

Build Orders:  

Get SALT Encoding   

  12  0:08  SCV  
  13  0:15  Refinery  
  13  0:20  SCV  
  14  0:27  Refinery  
  14  0:32  SCV  
  15  0:44  Supply Depot  
  15  1:14  Barracks  
  15  1:19  SCV  
  16  1:31  SCV  
  17  1:43  SCV  
  18  1:55  SCV  
  19  2:07  SCV  
  20  2:08  Barracks Reactor  
  20  2:31  Engineering Bay  
  20  2:40  SCV  
  21  2:51  Marine x2  
  23  3:04  Supply Depot  
  23  3:14  Command Center  
  23  3:25  Marine x2, SCV  
  23  3:26  Supply Depot  
  26  3:43  Marine x2  
  28  3:54  Barracks  
  28  4:01  Marine x2  
  30  4:27  Marine x2  
  32  4:45  Marine x2  
  34  4:51  Planetary Fortress  
  34  4:55  Planetary Fortress  
  34  5:02  Marine  
  34  5:03  Barracks Tech Lab, Marine  
  36  5:10  Command Center  
  36  5:20  Marine x2  
  36  5:21  Missile Turret  
  38  5:36  Combat Shield  
  38  6:02  Missile Turret  
  38  6:25  Terran Infantry Weapons Level 1  
  38  6:45  Factory  
  38  7:16  Stimpack  
  38  7:49  Refinery  
  38  7:57  Planetary Fortress  
  38  8:12  Refinery  
  38  8:14  Factory Tech Lab  
  38  8:20  Terran Infantry Armor Level 1  
  38  8:32  Marauder  
  40  8:37  Infernal Pre-Igniter  
  40  8:53  Marauder  
  42  8:56  Concussive Shells  
  42  9:02  Armory  
  42  9:15  Marauder  
  44  9:36  Marauder  
  46  9:56  Mag-Field Accelerator  
  46  9:58  Marauder  
  48  10:00  Terran Vehicle Weapons Level 1  
  48  10:12  SCV  
  48  10:13  Neosteel Armor  
  49  10:21  Thor  
  49  10:24  SCV  
  56  10:36  SCV  
  57  10:48  SCV  
  58  11:00  SCV  
  57  11:04  Thor  
  59  11:47  Thor  
  59  11:54  Hi-Sec Auto Tracking, Terran Vehicle And Ship Armor Level 1  
  48  12:41  Marine x2  
  49  12:46  Marauder  
  51  12:59  Marine x2  
  53  13:08  Marauder  
  55  13:17  Marine x2  
  57  13:29  Marauder  
  59  13:34  Marine  
  59  13:35  Marine  
  61  13:49  Terran Ship Weapons Level 1  
  61  13:50  Marauder  
  45  14:12  Marauder  
  41  14:45  Thor  
  45  14:49  Marauder  
  43  14:55  Marine x2  
  45  15:11  Marauder  
  45  15:13  Marine x2  
  49  15:28  Thor  
  55  15:31  Marine x2  
  55  15:32  Marauder  
  59  15:49  Marine x2  
  61  15:53  Marauder  
  63  16:11  Thor  
  69  16:24  Supply Depot  
  69  16:43  Refinery  
  69  16:46  Marauder  
  71  16:53  Thor  
  77  17:21  Starport  
  77  18:02  Supply Depot  
  77  18:07  Refinery  
  77  18:11  Starport Tech Lab  
  77  18:23  Thor  
  81  18:46  Rapid Reignition System  
  81  18:55  Terran Vehicle Weapons Level 2  
  81  19:09  Fusion Core  
  81  19:21  Terran Infantry Weapons Level 2  
  81  19:43  Corvid Reactor  
  83  19:45  Marauder  
  83  19:52  Medivac  
  84  21:01  Cloaking Field  
  84  21:11  Terran Vehicle And Ship Armor Level 2  
  84  21:37  Terran Infantry Armor Level 2  
  84  21:57  Medivac  
  84  21:58  Marauder  
  49  22:19  Marauder  
  49  22:21  Hyperflight Rotors  
  33  22:27  Medivac  
  35  22:40  Marauder  
  35  22:57  Banshee  
  38  23:02  Marauder, Marine x2  
  40  23:26  Terran Ship Weapons Level 2  
  34  23:40  Banshee  
  33  23:55  Barracks  
  33  24:13  Barracks  
  28  24:45  Missile Turret  
Show
View Real Time Build Order
Export as new Build Order

IA (Media) Zerg 

Build Orders: 1 Base Baneling Bust, Pool First 

Get SALT Encoding   

  12  0:01  Drone  
  13  0:12  Overlord  
  13  0:18  Drone  
  14  0:30  Drone  
  14  0:33  Drone  
  16  0:45  Spawning Pool  
  16  0:46  Drone  
  16  0:50  Drone  
  16  0:54  Extractor  
  16  0:56  Drone  
  17  1:06  Overlord  
  17  1:31  Zergling x2  
  17  1:32  Queen  
  20  1:36  Zergling x2  
  20  1:38  Roach Warren, Drone  
  21  1:40  Extractor  
  20  1:49  Drone  
  21  1:55  Baneling Nest  
  21  2:00  Drone  
  21  2:10  Drone  
  22  2:21  Zergling x2  
  23  2:32  Zergling x2  
  24  2:38  Zergling x2, Overlord  
  24  2:43  Zergling x2  
  26  2:48  Zergling x2  
  27  2:54  Baneling x3, Zergling x2  
  28  3:05  Zergling x2  
  29  3:10  Zergling x2  
  29  3:11  Overlord  
  30  3:15  Zergling x2  
  31  3:20  Zergling x2, Baneling  
  31  3:26  Baneling x2  
  32  3:27  Zergling x2  
  33  3:34  Evolution Chamber  
  33  3:38  Drone  
  33  3:42  Drone  
  33  3:45  Drone  
  33  3:48  Drone  
  36  3:52  Drone  
  37  4:00  Drone  
  38  4:11  Drone  
  39  6:08  Overlord  
  39  6:09  Lair, Roach  
  41  6:11  Drone, Spore Crawler  
  41  6:13  Spore Crawler  
  41  6:14  Hatchery, Drone  
  40  6:20  Roach  
  42  6:27  Overlord, Drone  
  42  6:29  Drone  
  42  6:32  Roach  
  46  6:38  Spine Crawler  
  46  6:39  Drone  
  46  6:41  Drone, Spine Crawler  
  46  6:43  Roach  
  46  6:44  Drone  
  46  6:50  Overlord  
  46  6:55  Roach  
  48  7:06  Overseer x2, Roach  
  48  7:07  Queen  
  52  7:09  Hydralisk Den  
  52  7:12  Infestation Pit  
  52  7:14  Spire  
  52  7:15  Drone  
  50  7:18  Drone  
  47  7:26  Zergling x2, Drone  
  47  7:29  Drone  
  44  7:33  Drone  
  44  7:35  Drone  
  46  7:37  Hydralisk  
  46  7:38  Drone  
  46  7:41  Drone  
  50  7:47  Drone  
  50  7:51  Drone  
  52  7:53  Spore Crawler  
  52  7:58  Hydralisk, Drone  
  52  8:00  Drone, Spore Crawler  
  52  8:03  Drone  
  55  8:06  Drone  
  55  8:09  Drone  
  57  8:13  Drone  
  57  8:17  Queen  
  57  8:19  Drone  
  61  8:24  Drone  
  61  8:26  Spine Crawler  
  61  8:27  Hydralisk  
  61  8:28  Drone  
  61  8:30  Drone  
  61  8:33  Drone  
  66  8:35  Overlord  
  66  8:40  Drone  
  66  8:41  Spine Crawler  
  66  8:44  Hydralisk  
  66  8:45  Evolution Chamber, Drone  
  66  8:48  Drone  
  69  8:51  Drone  
  69  8:54  Drone  
  71  9:15  Overlord, Overseer  
  71  9:47  Extractor  
  71  9:50  Extractor  
  69  10:05  Overlord, Overseer  
  69  10:12  Drone  
  70  10:15  Drone  
  71  10:32  Infestor  
  71  10:33  Pneumatized Carapace  
  71  10:34  Overlord x2, Overseer  
  71  10:35  Zerg Melee Weapons Level 1, Burrow, Zerg Ground Armor Level 1  
  73  10:39  Infestor  
  75  10:48  Zergling x2  
  75  11:06  Roach  
  75  11:10  Hatchery  
  58  11:12  Overseer, Hydralisk  
  58  11:14  Overseer  
  58  11:17  Hive  
  58  11:18  Hydralisk  
  60  11:26  Roach  
  60  11:32  Roach  
  64  11:38  Roach  
  66  11:44  Hydralisk  
  59  11:50  Overlord  
  59  11:51  Hydralisk  
  59  11:53  Overseer  
  56  11:58  Roach  
  56  11:59  Overseer  
  56  12:08  Overlord, Roach  
  52  12:15  Zergling x2  
  49  12:23  Hydralisk  
  49  12:26  Overlord  
  49  12:27  Extractor, Queen  
  49  12:29  Spine Crawler, Zerg Missile Weapons Level 1  
  47  12:30  Roach  
  47  12:31  Lair, Spore Crawler  
  47  12:35  Spore Crawler  
  44  12:37  Roach  
  44  12:41  Extractor  
  44  12:43  Zergling x2  
  46  12:44  Spore Crawler  
  46  12:45  Overlord, Greater Spire  
  46  12:47  Overseer  
  41  12:59  Roach  
  41  13:00  Spine Crawler  
  41  13:01  Overlord  
  41  13:03  Spine Crawler  
  38  13:05  Hydralisk  
  38  13:11  Drone  
  38  13:12  Zergling x2, Queen  
  43  13:20  Overlord, Drone  
  43  13:23  Drone  
  42  13:33  Infestation Pit  
  40  13:35  Zergling x2  
  40  13:37  Roach Warren  
  40  13:39  Overlord  
  38  13:49  Spore Crawler  
  37  13:56  Hydralisk Den, Drone  
  37  13:57  Overlord, Drone  
  37  14:00  Drone  
  33  14:03  Drone  
  33  14:05  Overseer  
  33  14:06  Drone  
  33  14:09  Infestor, Drone  
  35  14:11  Queen  
  35  14:12  Drone  
  35  14:16  Ultralisk Cavern, Mutalisk  
  38  14:21  Overlord  
  38  14:22  Infestor  
  40  14:29  Roach  
  42  14:35  Hydralisk  
  44  14:40  Overlord  
  44  14:41  Hydralisk  
  46  14:48  Mutalisk  
  46  14:50  Drone  
  49  14:53  Drone  
  49  14:55  Roach  
  49  14:58  Overlord, Drone  
  53  15:01  Mutalisk  
  53  15:04  Viper  
  58  15:07  Mutalisk  
  58  15:14  Mutalisk  
  60  15:20  Corruptor  
  64  15:22  Overlord  
  64  15:27  Mutalisk  
  66  15:33  Mutalisk  
  68  15:40  Overlord, Mutalisk  
  70  15:46  Mutalisk  
  72  15:52  Mutalisk  
  72  15:53  Viper  
  72  15:56  Drone  
  78  15:59  Corruptor  
  78  16:01  Overlord  
  80  16:04  Drone  
  80  16:05  Corruptor  
  80  16:07  Drone  
  80  16:10  Drone  
  85  16:13  Drone  
  85  16:16  Drone  
  87  16:19  Drone  
  87  16:22  Drone  
  87  16:23  Overlord  
  90  16:25  Drone  
  90  16:28  Drone  
  90  16:31  Drone  
  92  16:34  Drone  
  92  16:37  Drone  
  92  16:40  Drone  
  92  16:41  Zerg Flyer Weapons Level 1  
  92  16:43  Drone  
  92  16:45  Overlord  
  88  16:47  Drone  
  88  16:49  Drone  
  88  16:50  Drone  
  88  16:54  Drone  
  89  16:57  Drone  
  89  17:00  Drone  
  88  17:03  Drone  
  88  17:05  Drone  
  88  17:08  Mutalisk  
  84  17:14  Mutalisk  
  72  17:21  Mutalisk  
  70  17:27  Mutalisk  
  72  17:33  Overseer  
  72  17:34  Mutalisk  
  74  17:40  Corruptor  
  76  17:50  Hatchery  
  75  17:51  Mutalisk  
  77  18:02  Mutalisk  
  77  18:05  Extractor  
  72  18:13  Mutalisk  
  72  18:18  Overlord  
  74  18:24  Mutalisk  
  76  18:35  Zerg Flyer Armor Level 1, Mutalisk  
  78  18:46  Zergling x2  
  79  18:57  Ultralisk  
  79  18:59  Overlord  
  85  19:06  Overseer  
  85  19:07  Hydralisk  
  85  19:09  Extractor  
  86  19:11  Extractor  
  85  19:18  Ultralisk, Overlord  
  91  19:29  Ultralisk  
  97  19:39  Hydralisk  
  97  19:44  Overlord  
  99  19:51  Ultralisk  
  105  20:00  Spore Crawler  
  105  20:01  Drone  
  105  20:02  Ultralisk, Overlord  
  105  20:03  Spore Crawler  
  105  20:04  Drone  
  105  20:07  Drone  
  105  20:10  Drone  
  105  20:13  Ultralisk, Drone  
  105  20:14  Zerg Melee Weapons Level 2  
  114  20:16  Drone  
  115  20:23  Queen, Overlord, Hydralisk  
  119  20:32  Spine Crawler  
  119  20:33  Hydralisk  
  119  20:34  Drone  
  121  20:36  Spine Crawler  
  121  20:37  Drone  
  121  20:41  Queen  
  121  20:42  Zerg Ground Armor Level 2  
  123  20:52  Queen  
  125  20:57  Queen  
  125  20:58  Overlord  
  127  21:29  Zerg Flyer Weapons Level 2  
  127  22:00  Spire  
  126  22:02  Drone  
  127  22:29  Zerg Missile Weapons Level 2  
  127  22:49  Ultralisk  
  127  22:58  Zerg Melee Weapons Level 3  
  127  23:11  Zerg Flyer Armor Level 2  
  127  23:46  Drone  
  127  24:06  Ultralisk  
  127  24:32  Hatchery, Hydralisk  
  127  24:33  Drone  
  125  24:42  Hydralisk  
  125  24:46  Zerg Ground Armor Level 3  
  125  24:51  Zergling x2  
  125  25:35  Zerg Missile Weapons Level 3  
  125  25:42  Ultralisk  
  125  25:45  Drone  
  125  25:46  Queen  
  125  25:48  Drone  
  105  25:52  Ultralisk  
  105  25:54  Drone  
  95  26:00  Extractor  
  95  26:01  Drone  
  95  26:02  Ultralisk  
  95  26:03  Overseer  
  101  26:04  Spore Crawler  
  101  26:06  Drone  
  101  26:07  Spore Crawler  
  101  26:09  Extractor, Drone  
  94  26:12  Ultralisk, Drone  
  100  26:21  Hydralisk  
  102  26:32  Spine Crawler, Hydralisk  
  104  26:35  Drone  
  104  26:36  Overseer  
  98  26:42  Ultralisk, Spine Crawler  
  98  26:43  Drone  
  104  26:52  Ultralisk, Zergling x2  
  105  27:03  Ultralisk  
  105  27:07  Drone  
  111  27:18  Hydralisk  
  111  27:21  Overseer  
  111  27:22  Overlord  
  109  27:24  Ultralisk  
  109  27:28  Hydralisk  
  82  27:39  Zergling x2  
  82  27:41  Overlord  
  83  27:49  Ultralisk  
  89  27:59  Ultralisk  
  89  28:00  Overlord  
  87  28:08  Hydralisk  
  83  28:18  Overlord, Hydralisk  
  85  28:21  Ultralisk x2  
  85  28:26  Overseer  
  85  28:29  Ultralisk  
  91  28:37  Overlord  
  91  28:39  Ultralisk  
  92  28:49  Hydralisk  
  94  28:56  Overlord  
  94  28:59  Ultralisk  
  92  29:19  Zergling x2  
Show
View Real Time Build Order
Export as new Build Order

IA (Media) Protoss 

Build Orders: 1 Gate Expand 

Get SALT Encoding   

  12  0:01  Probe  
  13  0:13  Probe  
  14  0:21  Pylon  
  14  0:25  Probe  
  15  0:35  Probe  
  16  0:44  Probe  
  17  0:52  Gateway  
  17  1:09  Probe  
  17  1:10  Nexus  
  18  1:32  Pylon  
  18  1:33  Assimilator  
  18  1:41  Zealot  
  18  1:43  Cybernetics Core  
  18  1:44  Probe  
  21  1:56  Probe  
  22  2:09  Gateway, Probe  
  22  2:10  Stalker  
  23  2:15  Assimilator  
  23  2:22  Probe  
  26  2:34  Probe  
  27  2:37  Adept  
  27  2:38  Warp Gate  
  29  2:47  Probe  
  30  2:51  Adept  
  30  2:57  Assimilator  
  32  3:02  Pylon  
  32  3:14  Stalker  
  32  3:19  Probe  
  35  3:33  Stalker  
  35  3:34  Assimilator  
  37  3:39  Probe  
  38  3:42  Probe  
  39  3:51  Probe  
  39  3:52  Stalker  
  39  3:54  Probe  
  43  4:03  Probe  
  43  4:08  Probe  
  45  4:11  Sentry, Pylon  
  45  4:15  Probe  
  45  4:16  Probe  
  48  4:24  Probe  
  48  4:27  Probe  
  48  4:29  Zealot  
  52  4:35  Probe  
  52  4:38  Pylon  
  52  4:42  Probe  
  54  4:46  Probe  
  54  4:48  Zealot  
  57  4:54  Probe  
  57  4:58  Probe  
  59  5:02  Pylon  
  59  5:06  Probe  
  60  5:07  Stalker  
  60  5:10  Probe  
  63  5:18  Probe  
  64  5:22  Probe  
  64  5:25  Stalker  
  67  5:29  Pylon  
  67  5:30  Probe x2  
  69  5:42  Robotics Facility, Probe  
  70  5:44  Stalker, Probe  
  73  5:53  Pylon  
  73  5:56  Probe x2  
  75  6:02  Stalker  
  75  6:03  Forge  
  77  6:08  Probe  
  77  6:09  Probe  
  79  6:15  Pylon  
  79  6:20  Probe  
  79  6:21  Sentry, Probe  
  79  6:24  Pylon, Observer  
  83  6:27  Pylon  
  83  6:32  Stargate  
  84  6:37  Twilight Council  
  84  6:39  Photon Cannon  
  84  6:40  Stalker, Observer  
  84  6:43  Gateway  
  84  6:46  Photon Cannon  
  87  6:50  Forge  
  87  6:52  Photon Cannon  
  87  6:54  Photon Cannon  
  86  9:51  Protoss Ground Weapons Level 1, Nexus  
  86  9:58  Immortal  
  86  10:04  Protoss Ground Armor Level 1  
  86  10:13  Gateway  
  90  10:16  Robotics Bay  
  90  10:18  Robotics Facility  
  90  10:22  Stargate  
  90  10:24  Immortal  
  90  10:27  Templar Archives  
  90  10:29  Dark Shrine  
  90  10:33  Fleet Beacon  
  72  10:42  Zealot  
  66  10:52  Zealot  
  66  10:54  Warp Prism  
  65  11:01  Sentry  
  65  11:04  Gravitic Boosters, Probe  
  69  11:05  Observer  
  69  11:07  Assimilator, Probe  
  69  11:10  Adept  
  69  11:11  Pylon  
  74  11:13  Pylon  
  74  11:14  Assimilator  
  74  11:20  Warp Prism, Zealot  
  76  11:27  Observer  
  76  11:29  Stalker  
  81  11:34  Photon Cannon  
  81  11:37  Photon Cannon  
  81  11:39  Stalker  
  83  11:48  Stalker  
  85  11:55  Gravitic Drive  
  85  13:28  Protoss Ground Weapons Level 2  
  85  13:38  Protoss Ground Armor Level 2  
  85  13:43  Protoss Air Weapons Level 1  
  85  13:47  Stalker  
  87  13:52  Sentry  
  89  13:57  Sentry  
  89  14:02  Zealot  
  91  14:07  Stalker  
  93  14:13  Stalker  
  91  14:18  Sentry  
  91  14:23  Zealot  
  87  14:28  Zealot  
  87  14:33  Stalker  
  89  14:38  Zealot  
  89  14:40  Blink  
  89  14:43  Stalker  
  93  14:48  Stalker  
  93  14:49  Immortal  
  91  14:54  Immortal  
  95  15:04  Stalker, Nexus  
  96  15:09  Sentry  
  98  15:14  Sentry  
  98  15:19  Sentry  
  102  15:27  Stalker  
  105  15:28  Observer  
  105  15:40  Observer  
  105  15:41  Protoss Shields Level 1  
  105  15:52  Protoss Air Armor Level 1  
  105  16:12  Protoss Ground Weapons Level 3  
  105  16:29  Probe  
  105  16:50  Assimilator  
  105  16:53  Pylon  
  105  16:56  Pylon  
  105  16:57  Assimilator  
  105  17:03  Observer  
  105  17:07  Stalker  
  105  17:11  Observer  
  105  17:12  Sentry  
  103  17:17  Stalker  
  103  17:18  Photon Cannon  
  103  17:22  Photon Cannon  
  105  17:32  Adept  
  107  17:37  Adept  
  107  17:40  Protoss Ground Armor Level 3  
  107  17:42  Adept  
  111  17:47  Adept  
  113  17:52  Adept, Protoss Air Weapons Level 2, Void Ray  
  113  17:57  Adept  
  121  18:07  Observer  
  117  18:29  Observer  
  117  18:31  Zealot  
  93  18:36  Zealot  
  93  18:41  Zealot  
  83  18:44  Protoss Shields Level 2  
  83  18:46  Stalker  
  85  18:51  Stalker  
  87  18:56  Stalker  
  87  19:01  Sentry  
  91  19:06  Immortal  
  95  19:11  Stalker  
  95  19:16  Sentry  
  99  19:35  Nexus  
  99  19:57  Observer  
  99  20:02  Protoss Air Armor Level 2  
  99  20:53  Void Ray  
  99  20:55  Assimilator  
  99  20:56  Probe  
  97  20:59  Probe  
  97  21:00  Stalker, Pylon  
  97  21:02  Probe  
  98  21:04  Pylon  
  98  21:05  Probe  
  98  21:06  Immortal  
  98  21:07  Zealot  
  98  21:08  Probe  
  98  21:09  Probe  
  95  21:11  Stargate  
  95  21:12  Protoss Shields Level 3  
  95  21:14  Void Ray, Probe  
  96  21:18  Probe  
  96  21:20  Probe  
  96  21:22  Stalker  
  96  21:25  Pylon  
  90  21:26  Probe  
  90  21:29  Immortal, Probe  
  90  21:32  Probe  
  85  21:34  Probe  
  85  21:38  Void Ray  
  83  21:41  Probe  
  83  21:42  Probe  
  83  21:44  Probe  
  83  21:45  Immortal  
  84  21:53  Probe  
  84  21:54  Probe  
  83  21:55  Phoenix  
  83  21:58  Probe  
  81  22:01  Nexus  
  81  22:04  Void Ray, Probe  
  81  22:07  Probe  
  80  22:10  Tempest, Probe  
  80  22:11  Stargate  
  80  22:13  Probe  
  80  22:22  Probe  
  80  22:23  Protoss Air Weapons Level 3, Probe  
  80  22:24  Void Ray, Probe  
  80  22:28  Assimilator  
  78  22:35  Probe x3  
  78  22:36  Photon Cannon  
  76  22:43  Void Ray  
  73  22:44  Observer, Nexus  
  73  22:47  Probe  
  73  22:48  Probe  
  73  22:49  Probe  
  73  22:51  Void Ray  
  79  22:53  Phoenix  
  82  22:59  Probe  
  82  23:00  Assimilator  
  82  23:01  Probe  
  82  23:03  Probe  
  89  23:08  Assimilator  
  89  23:10  Void Ray  
  89  23:11  Probe  
  94  23:13  Probe  
  94  23:16  Probe  
  94  23:19  Probe  
  97  23:21  Pylon  
  97  23:23  Probe  
  97  23:25  Probe  
  99  23:28  Probe  
  100  23:35  Probe  
  100  23:37  Probe  
  100  23:39  Probe  
  100  23:40  Probe  
  103  23:41  Photon Cannon  
  103  23:43  Photon Cannon  
  103  23:47  Probe  
  105  23:49  Probe  
  105  23:52  Probe  
  107  23:57  Probe  
  107  24:00  Pylon  
  108  24:04  Observer  
  108  24:17  Zealot  
  106  24:24  Photon Cannon  
  106  24:25  Stalker  
  106  24:33  Sentry  
  108  24:41  Zealot  
  110  24:47  Protoss Air Armor Level 3  
  110  24:49  Adept  
  112  24:57  Adept  
  114  25:05  Stalker  
  116  25:11  Observer  
  116  25:13  Sentry  
  118  25:19  Carrier  
  118  25:20  Colossus  
  130  25:36  Adept  
  128  25:44  Adept  
  128  25:47  Phoenix  
  112  26:00  Phoenix  
  114  26:07  Immortal  
  114  26:08  Immortal  
  122  26:24  Adept  
  112  27:33  Stalker  
  96  27:41  Stalker  
  92  27:49  Adept  
  94  27:55  Immortal  
  94  27:57  Zealot  
  90  28:04  Nexus  
  94  28:13  Zealot  
  96  28:21  Sentry  
  98  28:28  Adept  
  104  28:34  Immortal  
  104  28:39  Adept  
  102  28:44  Adept  
  96  28:49  Sentry  
  96  28:54  Adept  
  89  29:04  Stalker  
  89  29:09  Stalker  
  91  29:14  Adept  
  93  29:19  Zealot  
  93  29:23  Assimilator  
  95  29:25  Adept  
  95  29:28  Pylon  
  95  29:30  Stalker  
  95  29:31  Assimilator, Pylon  
  99  29:35  Stalker  
  101  29:40  Zealot  
  101  29:45  Sentry  
Tags
 
Add a new tag
Caveats
  • Supply blocks, unpowered buildings, or Contaminate may cause inaccurate times.
  • Supply counts are checked every 10 seconds.